cohdb
Replays
Latest Replays
All Replays
Popular Replays
Top Player Replays
Match Explorer
How It Works
Community
CoH3 Stats
Reddit
Sign in to upload your games and track your stats! →
Sign in with Steam
Match 43080065
Unlisted
Match 43080065
Overview
Messages
Build Orders
End
Construct Section Command Post
Infantry Section
Selects Air and Sea Battlegroup
Vickers Machine Gun Team
Infantry Section
Infantry Section
Grenade Package
Vickers Machine Gun Team
Construct Field Infirmary
ML 3-inch Mortar Team
Selects Commando Section Paradrop
Selects Commando Section Paradrop
Commando Section Paradrop
Selects Commando Support Section Paradrop
Commando Section Paradrop
Selects Supply Surplus
Selects UNKNOWN (223837)
Infantry Section
Veliomor
Willaguy
0
0
Comments
sign in to comment!
No comments posted yet!